 Dungeon Crawl Stone Soup version 0.30-b1-2-g02819fbbbe (webtiles) character file.

Game seed: 9279286471924683852

10129 Turgor the Cleaver (level 11, 0/89 HPs)
             Began as a Demonspawn Gladiator on May 10, 2023.
             Was an Initiate of Gozag.
             Killed from afar by an oklob plant (32 damage)
             ... with a splash of acid
             ... on level 11 of the Dungeon.
             The game lasted 01:17:21 (10106 turns).

Turgor the Cleaver (Demonspawn Gladiator)          Turns: 10106, Time: 01:17:22

Health: 0/89       AC: 15    Str: 14    XL:     11   Next: 32%
Magic:  11/11      EV: 12    Int: 14    God:    Gozag
Gold:   1804       SH:  3    Dex: 15    Spells: 10/10 levels left

rFire   + . .        a - +0 war axe
rCold   . . .        c - +0 buckler
rNeg    . . .        v - +5 ring mail of Grace {Harm Rampage *Slow +Blink}
rPois   +            (helmet unavailable)
rElec   .            e - +0 cloak
rCorr   .            K - +0 pair of gloves
SInv    +            L - +1 pair of boots
Will    .....        s - amulet of regeneration
Stlth   +            j - ring of poison resistance
HPRegen 1.14/turn    X - ring "Yprios" {rF+ Slay+2}
MPRegen 0.12/turn

%: slow self (1%), harm (+30% outgoing, +20% incoming), rampage
@: corroded, studying Shields
A: antennae 3, ignite blood 1, sharp scales 3
a: Renounce Religion, Evoke Blink, Potion Petition, Call Merchant, Bribe Branch


You were on level 11 of the Dungeon.
You worshipped Gozag.
Gozag was most pleased with you.
You visited 1 branch of the dungeon, and saw 11 of its levels.

You collected 2855 gold pieces.
You spent 981 gold pieces at shops.
You paid 70 gold pieces to Gozag.

Inventory:

Hand Weapons
 a - a +0 war axe (weapon)
 y - a +0 sling
 Q - a +0 shortbow of electrocution
 R - the +8 sling of Spite {freeze, Will+ Str+4}
   (You bought it in a shop on level 9 of the Dungeon)

   Str:       It affects your strength (+4).
   Will:      It increases your willpower.
Missiles
 i - 50 poisoned darts (quivered)
 B - 5 javelins
 N - 11 boomerangs
 O - 5 silver boomerangs
 S - 2 throwing nets
Armour
 b - a +0 leather armour of cold resistance
 c - a +0 buckler (worn)
 e - a +0 cloak (worn)
 u - a +1 chain mail of poison resistance
 v - the +5 ring mail of Grace (worn) {Harm Rampage *Slow +Blink}
   (You found it on level 4 of the Dungeon)

   +Blink:    It lets you blink.
   *Slow:     It may slow you when you take damage.
   Harm:      It increases damage dealt and taken.
   Rampage:   It bestows one free step when moving towards enemies.
 K - a +0 pair of gloves (worn)
 L - a +1 pair of boots (worn)
Magical Staves
 m - a staff of death
Jewellery
 j - a ring of poison resistance (left hand)
 s - an amulet of regeneration (around neck)
 X - the ring "Yprios" (right hand) {rF+ Slay+2}
   (You acquired it on level 11 of the Dungeon)

   [ring of protection from fire]

   Slay:      It affects your accuracy & damage with ranged weapons and melee
   (+2).
   rF:        It protects you from fire.
Wands
 w - a wand of mindburst (6)
 G - a wand of light (13)
 H - a wand of roots (5)
Scrolls
 g - a scroll of silence
 k - 12 scrolls of teleportation
 l - 3 scrolls of immolation {unknown}
 o - 2 scrolls of enchant armour {unknown}
 p - a scroll of enchant weapon {unknown}
 r - a scroll of fog {unknown}
 x - a scroll of vulnerability {unknown}
 A - 5 scrolls of fear {unknown}
 D - 3 scrolls of brand weapon {unknown}
 I - a scroll of blinking {unknown}
 T - a scroll of poison {unknown}
 U - a scroll of amnesia {unknown}
 V - a scroll of torment {unknown}
Potions
 d - a potion of invisibility
 f - 3 potions of mutation
 h - 3 potions of curing
 n - 2 potions of heal wounds
 q - a potion of lignification
 t - 3 potions of ambrosia
 z - 2 potions of might
 C - 2 potions of cancellation
 E - a potion of brilliance
 F - 2 potions of haste
 J - a potion of magic
 M - 2 potions of flight
Miscellaneous
 P - a box of beasts
 W - a phantom mirror


   Skills:
 + Level 9.3 Fighting
 * Level 12.0 Axes
 - Level 2.0 Throwing
 + Level 5.7 Armour
 - Level 6.0 Dodging
 + Level 0.3 Shields


You had 10 spell levels left.
You didn't know any spells.
Your spell library contained the following spells:

 Spells                   Type           Power      Damage    Failure   Level
 Kiss of Death            Conj/Necr      0%         2d5       58%         1
 Confusing Touch          Hex            0%         N/A       92%         3
 Dazzling Flash           Conj/Hex       0%         N/A       92%         3
 Ozocubu's Armour         Ice            0%         N/A       92%         3
 Volatile Blastmotes      Fire/Tloc      0%         2d10      92%         3
 Anguish                  Hex/Necr       0%         N/A       100%        4
 Cause Fear               Hex            0%         N/A       100%        4
 Dispel Undead            Necr           0%         3d6       100%        4
 Fulminant Prism          Conj/Hex       0%         3d5       100%        4
 Iskenderun's Mystic Bla  Conj/Tloc      0%         2d3       100%        4
 Agony                    Necr           0%         N/A       100%        5
 Lee's Rapid Deconstruct  Erth           0%         3d4*      100%        5
 Metabolic Englaciation   Hex/Ice        0%         N/A       100%        5
 Silence                  Hex/Air        0%         N/A       100%        5
 Enfeeble                 Hex            0%         N/A       100%        7
 Ozocubu's Refrigeration  Ice            0%         4d7       100%        7
 Simulacrum               Ice/Necr       Unusable   N/A       N/A         6

Dungeon Overview and Level Annotations

Branches:
Dungeon (11/15)            Temple (0/1) D:7            Lair (0/5) D:11
    Orc (0/2) D:10

Altars:
Ashenzari
Cheibriados
Fedhas
Gozag
Hepliaklqana
Kikubaaqudgha
Nemelex Xobeh
Ru
Uskayaw
Wu Jian
Yredelemnul

Shops:
D:7 :?:=   D:9 (

Annotations:
D:11 exclusion: 2 oklob plants


Innate Abilities, Weirdness & Mutations

You have a pair of large antennae on your head. (SInv)
Your demonic aura sometimes causes spilled blood to erupt in flames.
You are completely covered in razor-sharp scales. (AC +3, Slay +3)


Message History

Unknown command.
Unknown command.
Unknown command.
The oklob plant spits acid at you. The splash of acid hits you.
The acid corrodes you!
You slash the oklob plant!
The oklob plant is moderately damaged.
You slash the plant!
The plant begins to die.
You hit the oklob plant but do no damage.
The oklob plant is moderately damaged.
You completely miss the plant. You hit the oklob plant.
The oklob plant is moderately damaged.
You hit the plant. The oklob plant spits acid at you.
The splash of acid misses you.
You hit the oklob plant.
The oklob plant is heavily damaged.
You hit the plant but do no damage. You hit the oklob plant.
The oklob plant is heavily damaged.
You slash the plant!
A nearby plant withers and dies.
The oklob plant spits acid at you. The splash of acid hits you!
You hit the oklob plant but do no damage.
The oklob plant is heavily damaged.
You hit the oklob plant.
The oklob plant is heavily damaged.
You hit the oklob plant but do no damage.
The oklob plant is heavily damaged.
The oklob plant spits acid at you. The splash of acid hits you!
You hit the oklob plant.
The oklob plant is heavily damaged.
The oklob plant spits acid at you. The splash of acid hits you!!
The acid corrodes you! The oklob plant spits acid at you.
The splash of acid hits you!!
You die...
Your body crumbles into a pile of gold.

#.##..#.#.#.....####
.#######^..#.#.#.....##..
...≈...#..#.#.#.........
#...#....#.#.#.........
.##.P.##.[.#.#.##........
..PPPP...#.#.#.##........
≈..P>P..≈#...#.####......
..PPPPP..#...#.########+#
.##PPP##@....#.....#
#...#....#.#.....#
...≈...#..#.#.....###
.#######...#..........
###.###.#......#
#.....#......#
#######......# ......#
..###


You could see 2 oklob plants.

Vanquished Creatures
  A two-headed ogre (D:10)
  Amaemon (D:10)
  A cyclops (D:11)
  An ugly thing (D:11)
  An orange demon (D:10)
  Grinder (D:5)
  A troll (D:10)
  16 yaks
  A steam dragon (D:6)
  Edmund (D:4)
  2 water moccasins (D:5)
  A sky beast (D:7)
  4 orc warriors
  3 black bears
  3 ogres
  4 centaurs
  2 phantoms
  A bullfrog (D:7)
  5 kobold brigands
  Blork the orc (D:4)
  3 gnoll sergeants
  A scorpion (D:6)
  8 wights
  14 killer bees
  3 electric eels
  4 howler monkeys
  4 hounds (D:5)
  A jelly (D:4)
  7 orc priests
  3 gnoll boudas
  A sleepcap (D:5)
  14 orc wizards
  Ijyb (D:4)
  25 gnolls
  4 adders
  A white imp (D:6)
  2 ufetubi
  3 worms
  A dart slug (D:3)
  40 orcs
  7 ball pythons
  9 endoplasms
  3 goblins
  5 hobgoblins
  3 jackals (D:1)
  5 quokkas
  3 training dummies (D:9)
  11 bats
  2 frilled lizards (D:1)
  29 kobolds
  8 rats
276 creatures vanquished.

Vanquished Creatures (collateral kills)
  2 wights
  3 gnolls (D:5)
  A quokka (D:5)
6 creatures vanquished.

Vanquished Creatures (others)
  A wight (D:7)
  2 fungi (D:3)
  A plant (D:11)
4 creatures vanquished.

Grand Total: 286 creatures vanquished

Notes
Turn   | Place    | Note
-------+----------+-------------------------------------------
     0 | D:1      | Turgor the Demonspawn Gladiator began the quest for the
                  | Orb.
     0 | D:1      | Reached XP level 1. HP: 16/16 MP: 1/1
   150 | D:1      | Gained mutation: You have a pair of small antennae on your
                  | head. [demonic ancestry]
   150 | D:1      | Reached XP level 2. HP: 22/22 MP: 2/2
   208 | D:1      | Reached skill level 3 in Axes
   678 | D:1      | You fall into a shaft and drop 1 floor!
   757 | D:2      | Found an ornate altar of the Wu Jian Council.
   778 | D:2      | Gained mutation: You have a pair of antennae on your head.
                  | [demonic ancestry]
   778 | D:2      | Reached XP level 3. HP: 28/28 MP: 3/3
  1837 | D:3      | Found a hazy altar of Hepliaklqana.
  1854 | D:3      | Found a broken altar of Ashenzari.
  1899 | D:3      | Found an ornate altar of the Wu Jian Council.
  1985 | D:3      | Gained mutation: Your demonic aura sometimes causes spilled
                  | blood to erupt in flames. [demonic ancestry]
  1985 | D:3      | Reached XP level 4. HP: 11/34 MP: 4/4
  2266 | D:3      | Reached skill level 4 in Axes
  2391 | D:3      | Found a faded altar of an unknown god.
  2918 | D:4      | Noticed Ijyb
  2975 | D:4      | Killed Ijyb
  3094 | D:4      | Gained mutation: You have a pair of large antennae on your
                  | head. (SInv) [demonic ancestry]
  3094 | D:4      | Reached XP level 5. HP: 41/41 MP: 5/5
  3131 | D:4      | Noticed Blork the orc
  3142 | D:4      | Killed Blork the orc
  3143 | D:4      | Reached skill level 5 in Axes
  3155 | D:4      | Identified the +5 ring mail of Grace {Harm Rampage *Slow
                  | +Blink}
  3249 | D:4      | Noticed an ogre
  3725 | D:4      | Killed an ogre
  3726 | D:4      | Gained mutation: You are partially covered in razor-sharp
                  | scales. (AC +1, Slay +1) [demonic ancestry]
  3726 | D:4      | Reached XP level 6. HP: 37/48 MP: 6/6
  3892 | D:4      | Noticed Edmund
  3965 | D:5      | Entered Level 5 of the Dungeon
  4015 | D:5      | Noticed a water moccasin
  4030 | D:5      | Killed a water moccasin
  4031 | D:5      | Reached skill level 6 in Axes
  4031 | D:5      | Reached XP level 7. HP: 52/55 MP: 7/7
  4050 | D:5      | Reached skill level 5 in Fighting
  4076 | D:5      | Reached skill level 7 in Axes
  4263 | D:5      | Noticed Grinder
  4594 | D:5      | Gained mutation: You are mostly covered in razor-sharp
                  | scales. (AC +2, Slay +2) [demonic ancestry]
  4594 | D:5      | Reached XP level 8. HP: 63/63 MP: 8/8
  4863 | D:6      | Reached skill level 8 in Axes
  5285 | D:6      | Found an opulent altar of Gozag.
  5288 | D:6      | Found a basalt altar of Yredelemnul.
  5294 | D:6      | Became a worshipper of Gozag Ym Sagoz the Greedy
  5484 | D:7      | Found a hide-covered altar of Uskayaw.
  5499 | D:7      | Found Feynar's Book Emporium.
  5531 | D:7      | Reached skill level 1 in Armour
  5628 | D:7      | Found Moyneac's Magic Scroll Shoppe.
  5633 | D:7      | Bought a scroll of identify for 26 gold pieces
  5633 | D:7      | Bought a scroll of identify for 26 gold pieces
  5635 | D:7      | Bought a scroll of identify for 26 gold pieces
  5635 | D:7      | Bought a scroll of identify for 26 gold pieces
  5653 | D:7      | Reached skill level 9 in Axes
  5653 | D:7      | Reached XP level 9. HP: 60/71 MP: 9/9
  5693 | D:7      | Found a staircase to the Ecumenical Temple.
  5848 | D:7      | Noticed a troll
  6054 | D:7      | Found Yphoe's Book Shoppe.
  6307 | D:7      | Found Xihiz's Jewellery Shop.
  6645 | D:8      | Found a sacrificial altar of Ru.
  6737 | D:8      | Reached skill level 10 in Axes
  7041 | D:4      | Killed Edmund
  7255 | D:5      | Paralysed by Grinder for 3 turns
  7264 | D:5      | Killed Grinder
  7401 | D:9      | Reached XP level 10. HP: 77/80 MP: 10/10
  7589 | D:9      | Reached skill level 5 in Dodging
  8121 | D:9      | Found Edeitta's Firing Range.
  8128 | D:9      | Bought 4 javelins for 120 gold pieces
  8128 | D:9      | Bought the +8 sling of Spite {freeze, Will+ Str+4} for 637
                  | gold pieces
  8128 | D:9      | Bought 6 boomerangs for 120 gold pieces
  8350 | D:10     | Entered Level 10 of the Dungeon
  8367 | D:10     | Found an ancient bone altar of Kikubaaqudgha.
  8408 | D:10     | Reached skill level 11 in Axes
  8514 | D:10     | Found a sparkling altar of Nemelex Xobeh.
  8517 | D:10     | Noticed Amaemon
  8517 | D:10     | Noticed an orange demon
  8525 | D:10     | Killed an orange demon
  8529 | D:10     | Killed Amaemon
  8554 | D:10     | Found a blossoming altar of Fedhas.
  8635 | D:10     | Found a snail-covered altar of Cheibriados.
  8652 | D:10     | Reached skill level 5 in Armour
  8754 | D:10     | Gained mutation: You are completely covered in razor-sharp
                  | scales. (AC +3, Slay +3) [demonic ancestry]
  8754 | D:10     | Reached XP level 11. HP: 87/87 MP: 11/11
  8902 | D:10     | Noticed a two-headed ogre
  8908 | D:10     | Killed a two-headed ogre
  9220 | D:10     | Found a staircase to the Orcish Mines.
  9757 | D:11     | Identified 2 scrolls of acquirement
  9758 | D:11     | Acquired the ring "Yprios" {rF+ Slay+2}
  9790 | D:11     | Noticed a brown ugly thing
  9821 | D:11     | Killed a brown ugly thing
  9822 | D:11     | Reached skill level 12 in Axes
  9886 | D:11     | Acquired 846 gold pieces
  9888 | D:11     | Acquired a manual of Shields
 10092 | D:11     | Noticed an oklob plant
 10095 | D:11     | Found a staircase to the Lair.
 10095 | D:11     | Noticed an oklob plant
 10106 | D:11     | Killed from afar by an oklob plant

Illustrated notes

Levels and vault maps discovered:
D:1:      ncdulo_watergridlock, layout_loops_cross
D:2:      layout_basic, basic_altar, minmay_pentomino_z2
D:3:      minmay_door_path, layout_basic, mainiacjoe_overflow_cross_hatched,
          mainiacjoe_overflow_boulevard, nzn_wu_jian_contemplation,
          chequers_ecumenical_altar_twisty, serial_co_window_serial,
          co_window_paths_a, co_window_cross_1, co_window_corner_a,
          co_window_paths_a, co_window_paths_a, co_window_corner_a,
          co_window_broadway_a, co_window_2corner, co_window_corner_ca,
          glass_columns_b
D:4:      layout_cave_pods, minmay_misc_feat_ornament, uniq_blork_the_orc,
          uniq_ijyb, uniq_edmund
D:5:      layout_loops_ring, uniq_grinder
D:6:      layout_gridville, nicolae_overflow_squiral
D:7:      layout_loops_ring, mainiacjoe_overflow_paths, temple_statues,
          serial_shops, shop, shop, shop, nicolae_shop_pleasant_corner_grove,
          hangedman_decor_peaks_small, lightli_corner_chamber
D:8:      layout_rooms, nicolae_ru_path_of_blood
D:9:      layout_loops_ring, nicolae_shop_firing_range
D:10:     layout_irregular_city, mainiacjoe_overflow_surrounded_room,
          slow_altar_2, mainiacjoe_overflow_big_doors, erik_orc_2,
          minmay_orc_keep, uniq_amaemon
D:11:     layout_basic, dpeg_oklobed_lair, eino_jars

Skill      XL: |  1  2  3  4  5  6  7  8  9 10 11 |
---------------+----------------------------------+-----
Throwing       | 2 |  2.0
Axes           | 3 4 5 6 7 9 10 11 12 | 12.0
Dodging        | 3 4 6 |  6.0
Fighting       | 3 4 5 6 7 8 9 |  9.3
Armour         | 1 3 5 |  5.7
Shields        | |  0.3

Action                     |  1- 3 |  4- 6 |  7- 9 | 10-12 || total
---------------------------+-------+-------+-------+-------++-------
  Melee: War axe           |   165 |   127 |   282 |   297 ||   871
         Punch             |     2 |     2 |     4 |     2 ||    10
   Fire: Sling             |       |       |       |     6 ||     6
  Throw: Stone             |     6 |       |     5 |       ||    11
         Dart              |    12 |    10 |    26 |    30 ||    78
         Throwing net      |       |     6 |       |       ||     6
         Javelin           |       |     2 |       |     1 ||     3
Ability: Evoke Blink       |       |     5 |     4 |       ||     9
  Evoke: Wand              |       |     3 |    12 |    22 ||    37
    Use: Scroll            |     5 |       |     6 |     7 ||    18
         Potion            |       |     4 |     2 |       ||     6
   Stab: Sleeping          |     2 |     1 |       |       ||     3
         Distracted        |       |       |     2 |       ||     2
 Armour: Leather armour    |    50 |    12 |       |       ||    62
         Ring mail         |       |    24 |    95 |   124 ||   243
         Skin              |       |    18 |    17 |       ||    35
  Dodge: Dodged            |   111 |    99 |   121 |   163 ||   494
  Block: Buckler           |       |       |       |     1 ||     1
